[Event "*** SCC Grand Prix: Titled Tuesday Blitz"]
[Site "Chess.com"]
[Date "2020.07.21"]
[Round "5"]
[White "DonPreuss"]
[Black "a3aki"]
[Result "1-0"]
[WhiteElo "2166"]
[BlackElo "2014"]
[TimeControl "180+1"]
[EndTime "10:54:54 PDT"]
[Termination "DonPreuss won by checkmate"]

1. d4 Nf6 2. Nc3 g6 3. e4 Bg7 4.
f4 d6 5. Nf3 O-O 6. e5 Nfd7 7.
Bc4 c5 8. e6 fxe6 9. Bxe6+ Kh8 10. d5 Nf6 11. Ng5 Qe8 12. Bxc8 Qxc8 13. Ne6 Rf7 14. O-O Nbd7 15. Qe1 Nf8 16. Nxg7 Kxg7 17.
f5 gxf5 18. Qh4 Ng6 19. Qh6+ Kg8 20. Bg5 Qf8 21. Rxf5 Qxh6 22. Bxh6 a6 23. Raf1 Ne5 24. h3 b5 25. Bf4 b4 26. Bxe5 dxe5 27. Ne4 Raf8 28.
Ng5 Rg7 29. Ne6 Rg6 30. Nxf8 Kxf8 31. Rxe5 Kf7 32. Rfe1 Ng8 33. Re6 Rg5 34. d6 exd6 35. Rxd6 Nf6 36. Rf1 Rg6 37. Rxa6 c4 38. Raxf6+ Rxf6 39.
Rxf6+ Kxf6 40. Kf2 Ke5 41. Ke3 h5 42. g3 Kd5 43. g4 hxg4 44. hxg4 Ke5 45. g5 Kf5 46. Kd4 Kxg5 47. Kxc4 b3 48. Kxb3 Kf5 49. Kc4 Ke6 50. Kc5 Kd7 51. a4 Kc7 52. b4 Kb7 53. b5 Ka7 54. c4 Kb8 55. a5 Ka8 56. a6 Kb8 57. b6 Ka8 58. Kc6 Kb8 59. b7 Ka7 60.
Kc7 Kxa6 61. b8=Q Ka5 62. Qb5# 1-0

[Event "*** SCC Grand Prix: Titled Tuesday Blitz"]
[Site "Chess.com"]
[Date "2020.07.21"]
[Round "5"]
[White "davigator"]
[Black "Ginger_GM"]
[Result "0-1"]
[WhiteElo "2337"]
[BlackElo "2587"]
[TimeControl "180+1"]
[EndTime "10:54:55 PDT"]
[Termination "Ginger_GM won by resignation"]

1. e4 d6 2. d4 Nf6 3. Nc3 Nbd7 4. f3 e5 5. Be3 c6 6. Qd2 Be7 7. O-O-O b5 8. g4 O-O 9. g5 Nh5 10. h4 Qa5 11. Kb1 b4 12. Nce2 Nb6 13. Nc1 Ba6 14. Nb3 Qa4 15. Bxa6 Qxa6 16. Qxb4 Rab8 17. dxe5 Nc4 18.
Qc3 dxe5 19. Bc1 Rfd8 20. Nh3 Qb5 21. Rd3 Bb4 22. Rxd8+ Rxd8 23. a4 Bxc3 24. axb5 Bb4 25. bxc6 Ng3 26. Rg1 Ne2 27. Rf1 a5 28. c7 Rc8 29. c3 Bf8 30. Re1 Nxc1 31. Kxc1 Rxc7 32. Kc2 Rd7 33. Rd1 Ne3+ 0-1

[Event "*** SCC Grand Prix: Titled Tuesday Blitz"]
[Site "Chess.com"]
[Date "2020.07.21"]
[Round "5"]
[White "felipelobo"]
[Black "mattcolins2025"]
[Result "1-0"]
[WhiteElo "2106"]
[BlackElo "2391"]
[TimeControl "180+1"]
[EndTime "10:54:55 PDT"]
[Termination "felipelobo won by checkmate"]

1. e4 c5 2. Nf3 e6 3. d4 cxd4 4.
Nxd4 Nc6 5. Be3 Qc7 6. c4 a6 7. Nc3 Nf6 8. Be2 Bb4 9. f3 O-O 10. O-O Bxc3 11. bxc3 d6 12. Nxc6 Qxc6 13. Rb1 Nd7 14. Qd4 Nc5 15. Rfd1 Rd8 16. Qxc5 Bd7 17. Qxd6 Qxd6 18. Rxd6 Bc6 19. Rbd1 Rdc8 20. Bb6 Kf8 21. Rd8+ Ke7 22. Rxc8 Rxc8 23. Kf2 Ba4 24. Rd2 f6 25. Ke3 e5 26. g3 Bd7 27. c5 Be6 28. Rd6 Bxa2 29.
Bd1 Bc4 30. Ba4 Be6 31. f4 exf4+ 32. gxf4 g6 33. e5 fxe5 34. fxe5 Rf8 35. Bc2 Rf1 36. Be4 Re1+ 37. Kd3 Bc8 38. Rd4 Ra1 39. Bd8+ Ke8 40. Bf6 Kf7 41. Bd5+ Kf8 42. Bc4 Rd1+ 43. Ke3 Rxd4 44.
cxd4 a5 45. d5 a4 46. e6 a3 47. d6 b6 48. cxb6 Bb7 49. d7 Bc6 50. d8=Q+ Be8 51. Qe7+ Kg8 52. Qxe8# 1-0

[Event "*** SCC Grand Prix: Titled Tuesday Blitz"]
[Site "Chess.com"]
[Date "2020.07.21"]
[Round "5"]
[White "ChadBiryani"]
[Black "Larina_Marija"]
[Result "1-0"]
[WhiteElo "2322"]
[BlackElo "2112"]
[TimeControl "180+1"]
[EndTime "10:54:56 PDT"]
[Termination "ChadBiryani won by checkmate"]

1. d4 f5 2. Bg5 g6 3. e4 fxe4 4. Nc3 d5 5. f3 e3 6. Bd3 Bg7 7. Qe2 Bxd4 8. O-O-O c6 9. Bxe3 Bxc3 10. bxc3 Nf6 11. Bh6 Kf7 12. Nh3 Re8 13. Ng5+ Kg8 14.
h4 Qd6 15. h5 Qa3+ 16. Kd2 d4 17. cxd4 Qb4+ 18. c3 Qb2+ 19. Bc2 Bf5 20. Rc1 e5 21. hxg6 Bxg6 22. Kd1 Bxc2+ 23. Rxc2 Qb1+ 24. Rc1 Qg6 25. dxe5 Na6 26. f4 Rad8+ 27. Ke1 Nd5 28. g3 Nc5 29. Kf1 Nd3 30. Rd1 N3xf4 31. gxf4 Nxf4 32. Qc4+ Kh8 33. Rxd8 Qb1+ 34. Kf2 Rxd8 35. Nf7+ Kg8 36. Nxd8+ Kh8 37. Rxb1 Nh3+ 38. Kg3 Ng5 39. Nf7+ Nxf7 40. Qxf7 b5 41. Bg7# 1-0

[Event "*** SCC Grand Prix: Titled Tuesday Blitz"]
[Site "Chess.com"]
[Date "2020.07.21"]
[Round "5"]
[White "MarceloPlaya"]
[Black "MestreSoares"]
[Result "0-1"]
[WhiteElo "2285"]
[BlackElo "2074"]
[TimeControl "180+1"]
[EndTime "10:54:57 PDT"]
[Termination "MestreSoares won on time"]

1. e4 Nf6 2. e5 Nd5 3. c4 Nb6 4. c5 Nd5 5. Bc4 e6 6. Nc3 Nxc3 7. dxc3 d6 8. cxd6 cxd6 9. Nf3 d5 10. Bd3 Nc6 11. Bf4 Bd7 12. Qd2 Be7 13. O-O-O Qb6 14. Be3 Bc5 15. Bxc5 Qxc5 16. Kb1 Rc8 17. h4 h6 18. g4 b5 19. g5 hxg5 20. hxg5 Rxh1 21. Rxh1 g6 22. Qf4 Kd8 23. Nd4 Nxd4 24. cxd4 Qe7 25. Rh7 Be8 26. Bxg6 Qb4 27. Qf6+ Kc7 28. Rh1 fxg6 29.
Qxe6 Kb8 30. a3 Qc4 31. Qd6+ Ka8 32. e6 Qxd4 33. Ka1 Qc4 34. e7 d4 35. Rd1 Bf7 0-1

[Event "*** SCC Grand Prix: Titled Tuesday Blitz"]
[Site "Chess.com"]
[Date "2020.07.21"]
[Round "5"]
[White "VerdeNotte"]
[Black "FairChess_on_YouTube"]
[Result "1-0"]
[WhiteElo "2844"]
[BlackElo "2983"]
[TimeControl "180+1"]
[EndTime "10:54:58 PDT"]
[Termination "VerdeNotte won by resignation"]

1. e4 c5 2. Nc3 a6 3. g3 b5 4. Bg2 Bb7 5. Nge2 e6 6. O-O Nc6 7. d4 cxd4 8. Nxd4 Nge7 9. Nb3 Nc8 10. a4 b4 11. Nd5 a5 12. Bf4 d6 13. Re1 Ra7 14. Nd4 Nxd4 15. Qxd4 Ba8 16. Bf1 Bc6 17. c3 e5 18. Bxe5 dxe5 19. Qxe5+ Re7 20. Nxe7 Qxe7 21. Qxa5 Qc5 22. Qa6 Bd7 23. cxb4 Qa7 24. Qxa7 Nxa7 25. b5 Bb4 26. Rec1 Ke7 27. Rc7 Nc8 28. Bh3 Nb6 29.
Rb7 Ra8 30. Kg2 Bd6 1-0

[Event "*** SCC Grand Prix: Titled Tuesday Blitz"]
[Site "Chess.com"]
[Date "2020.07.21"]
[Round "5"]
[White "Bayernbk"]
[Black "GukeshDommaraju"]
[Result "1-0"]
[WhiteElo "2521"]
[BlackElo "2703"]
[TimeControl "180+1"]
[EndTime "10:54:58 PDT"]
[Termination "Bayernbk won by resignation"]

1. e4 c5 2. c3 e5 3. Nf3 Nc6 4.
Bb5 Nge7 5. d4 cxd4 6. cxd4 exd4 7. Nxd4 a6 8. Bc4 Nxd4 9. Qxd4 Nc6 10. Qd5 Bb4+ 11.
Nc3 O-O 12. O-O b5 13. Bb3 Bb7 14. Rd1 Na5 15. Qxd7 Bxc3 16. bxc3 Qf6 17. Ba3 Rfd8 18. Bxf7+ Kh8 19. Qe7 Qxe7 20. Bxe7 Rxd1+ 21. Rxd1 Bxe4 22. Rd8+ Rxd8 23. Bxd8 Nc6 24. Bc7 h6 25. f3 Bb1 26.
Kf2 b4 27. cxb4 Nxb4 28. a4 Nd3+ 29. Ke3 Nc5 30. a5 Bf5 31. Bb6 Nd7 32. Bc4 Nb8 33.
Bc7 Nc6 34. Bxa6 Nb4 35. Bb7 Na6 36. Bxa6 1-0

[Event "*** SCC Grand Prix: Titled Tuesday Blitz"]
[Site "Chess.com"]
[Date "2020.07.21"]
[Round "5"]
[White "Slovak_fighter2000"]
[Black "Alindsay211"]
[Result "1-0"]
[WhiteElo "2456"]
[BlackElo "2288"]
[TimeControl "180+1"]
[EndTime "10:54:58 PDT"]
[Termination "Slovak_fighter2000 won by resignation"]

1. d4 e6 2. Nf3 d5 3. Bf4 Bd6 4. Bg3 Nf6 5. e3 b6 6. Bd3 Bb7 7.
Qe2 O-O 8. Nbd2 c5 9. c3 Qc7 10. dxc5 bxc5 11. e4 dxe4 12. Nxe4 Nxe4 13. Bxe4 Bxe4 14.
Qxe4 Nd7 15. Rd1 Bxg3 16. hxg3 Nf6 17. Qe5 Qb6 18. b3 Rfd8 19. O-O Rd5 20. Qe2 Rad8 21. c4 R5d6 22. Ne5 Rd4 23. Nf3 R4d6 24. Qc2 h6 25. Rfe1 Qb4 26. Qe2 Qb6 27. Rxd6 Qxd6 28. Qe5 Qxe5 29.
Rxe5 Rd1+ 30. Kh2 Ra1 31. Re2 Kf8 32. Ne5 Ke7 33. f3 Nd7 34. Nc6+ Kd6 35. Nxa7 Kc7 36.
Nb5+ Kc6 37. g4 Nf6 38. Rd2 Ne8 39. Rd8 Nc7 40. Rc8 Kb6 41. Rxc7 1-0

[Event "*** SCC Grand Prix: Titled Tuesday Blitz"]
[Site "Chess.com"]
[Date "2020.07.21"]
[Round "5"]
[White "fmshawnrl123"]
[Black "Jumbo"]
[Result "0-1"]
[WhiteElo "2669"]
[BlackElo "2866"]
[TimeControl "180+1"]
[EndTime "10:54:59 PDT"]
[Termination "Jumbo won by checkmate"]

1. c4 e5 2. g3 Nf6 3. Bg2 d5 4. cxd5 Nxd5 5. Nc3 Nb6 6. Nf3 Nc6 7. O-O Be7 8. a3 a5 9. d3 O-O 10. Be3 Be6 11.
Rc1 a4 12. Bxb6 cxb6 13. Nxa4 e4 14. Ne1 Bg5 15. e3 exd3 16. Nxd3 Rxa4 17. Qxa4 Qxd3 18. Rfd1 Qe2 19. Bd5 Bxe3 20. Qc2 Bxf2+ 21. Kg2 Bxd5+ 22. Rxd5 Qe6 23. Rh5 g6 24. Rh4 Bc5 25. Rf1 Re8 26. Rhf4 Qd5+ 27. Kh3 Re7 28. R4f3 Nd4 29. Qd1 Qe6+ 30.
Kg2 Nxf3 31. Kxf3 Qe4# 0-1

[Event "*** SCC Grand Prix: Titled Tuesday Blitz"]
[Site "Chess.com"]
[Date "2020.07.21"]
[Round "5"]
[White "Parkas"]
[Black "tylityli"]
[Result "0-1"]
[WhiteElo "2332"]
[BlackElo "2150"]
[TimeControl "180+1"]
[EndTime "10:54:59 PDT"]
[Termination "tylityli won by resignation"]

1. d4 Nf6 2. Nc3 d5 3. Bf4 c5 4.
e3 a6 5. dxc5 Nc6 6. Nf3 Qa5 7.
Bd3 Bg4 8. Bg5 e5 9. Bxf6 gxf6 10. h3 Bh5 11. g4 Bg6 12. Nh4 O-O-O 13. O-O e4 14. Be2 Qxc5 15. a3 d4 16. Na4 Qg5 17. Ng2 f5 18. Qc1 fxg4 19. hxg4 f5 20. exd4 Qxc1 21.
Raxc1 Nxd4 22. Rfe1 Bh6 23. Rcd1 Nxe2+ 24. Kf1 Nd4 25.
gxf5 Bxf5 26. c3 Nf3 27. Nb6+ Kb8 28. Rxd8+ Rxd8 29. Ra1 Bh3 30. Nc4 Nd2+ 31. Nxd2 Rxd2 32. Kg1 Rxb2 33. Re1 e3 34. Nxe3 Bxe3 35. Rxe3 Bf5 36. Re5 Bg6 37. f4 Rb5 38. Re7 Rf5 39. Re4 Rg5+ 40.
fxg5 Bxe4 0-1

[Event "*** SCC Grand Prix: Titled Tuesday Blitz"]
[Site "Chess.com"]
[Date "2020.07.21"]
[Round "5"]
[White "Gabix_94"]
[Black "Kezin_Roman"]
[Result "1-0"]
[WhiteElo "2895"]
[BlackElo "2734"]
[TimeControl "180+1"]
[EndTime "10:55:00 PDT"]
[Termination "Gabix_94 won by checkmate"]

1. Nf3 d5 2. g3 Nf6 3. Bg2 e6 4. O-O Be7 5. c4 d4 6. e3 c5 7. exd4 cxd4 8. d3 O-O 9. a3 a5 10. Nbd2 Nc6 11. Re1 Nd7 12. Rb1 a4 13. Ne4 Re8 14.
b4 axb3 15. Rxb3 f5 16. Neg5 Nc5 17. Rb5 h6 18. Nh3 Na4 19. Ne5 Nc3 20. Qh5 Rf8 21. Bxh6 Nxe5 22. Rbxe5 gxh6 23. Qg6+ Kh8 24. Qxh6+ Kg8 25.
Qg6+ Kh8 26. Qh6+ Kg8 27. Nf4 Bf6 28. Qg6+ Kh8 29. Nxe6 Bxe6 30. Rxe6 Ra6 31. Re8 Qd6 32. Rxf8+ Qxf8 33. Re8 Bg7 34. Rxf8+ Bxf8 35. Qxf5 Bg7 36.
Be4 Nxe4 37. Qxe4 Rxa3 38. Qe8+ Kh7 39. Qe4+ Kh8 40. Kg2 b6 41. h4 Rc3 42. h5 Rc2 43. g4 Bh6 44. Qxd4+ Kh7 45. Qe4+ Kh8 46. g5 Bxg5 47.
Qe5+ Kh7 48. Qxg5 b5 49. h6 Kh8 50. Qg7# 1-0

[Event "*** SCC Grand Prix: Titled Tuesday Blitz"]
[Site "Chess.com"]
[Date "2020.07.21"]
[Round "5"]
[White "vanea_03"]
[Black "hermionegrangermagic"]
[Result "1-0"]
[WhiteElo "2713"]
[BlackElo "2483"]
[TimeControl "180+1"]
[EndTime "10:55:00 PDT"]
[Termination "vanea_03 won by checkmate"]

1. d4 Nf6 2. c4 e6 3. g3 d5 4. Bg2 Be7 5. Nf3 O-O 6. Nc3 dxc4 7.
Ne5 Nbd7 8. Nxc4 c5 9. dxc5 Bxc5 10. O-O a6 11. Bf4 Qe7 12. Rc1 e5 13. Bg5 Qe6 14. Nd5 Nxd5 15. Bxd5 Qg6 16. Qd2 Qf5 17. e4 Qh3 18. b4 Bd4 19. Nd6 h6 20. Be7 Nf6 21. Kh1 Ng4 22. f3 Ne3 23. Rfe1 Nxd5 24. exd5 Qh5 25.
Qe2 Bh3 26. Bxf8 Rxf8 27. Nxb7 f5 28. d6 e4 29. fxe4 Bg4 30. Qc4+ Kh7 31. Qxd4 fxe4 32. Rc7 e3 33. Qxg7# 1-0

[Event "*** SCC Grand Prix: Titled Tuesday Blitz"]
[Site "Chess.com"]
[Date "2020.07.21"]
[Round "5"]
[White "denispopov"]
[Black "viniciusrego"]
[Result "0-1"]
[WhiteElo "1807"]
[BlackElo "2276"]
[TimeControl "180+1"]
[EndTime "10:55:02 PDT"]
[Termination "viniciusrego won by checkmate"]

1. e4 c5 2. Nc3 Nc6 3. Bb5 Nd4 4. Nf3 g6 5. Nxd4 cxd4 6. Ne2 Bg7 7. O-O Nh6 8. Bd3 O-O 9. c3 dxc3 10. dxc3 d5 11. exd5 Qxd5 12. Nf4 Qc6 13. Qc2 Bf5 14.
Be3 Bxd3 15. Nxd3 Nf5 16. Bf4 Rac8 17. Be5 Nh4 18. f4 Nf5 19. Qe2 Qb5 20. Bxg7 Nxg7 21.
a4 Qb6+ 22. Kh1 Rfd8 23. Ne5 Nf5 24. Ng4 h5 25. Ne5 Qe3 26. Rfe1 Qxf4 27. Nd3 Qh4 28.
Kg1 Qc4 29. Ne5 Qxe2 30. Rxe2 Rc7 31. Rae1 Kg7 32. Nf3 e6 33. Nd2 Rcd7 34. Ne4 Rd1 35. Kf2 Rxe1 36. Rxe1 Nd6 37. Nxd6 Rxd6 38. Re2 Kf6 39. Ke3 Rd5 40. b3 Re5+ 41. Kf3 Rxe2 42. Kxe2 e5 43. Ke3 Ke6 44. c4 f5 45. b4 Kd6 46. g3 a5 47. b5 Kc5 48. Kd3 g5 49.
Kc3 f4 50. gxf4 exf4 51. Kd3 g4 52. Ke4 f3 53. Ke3 Kxc4 54. b6 Kb4 55. Kf2 Kxa4 56.
Kg3 Kb5 57. h3 Kxb6 58. hxg4 hxg4 59. Kf2 Kc5 60. Kg3 b5 61. Kf2 b4 62. Kg3 b3 63.
Kf2 b2 64. Kg3 b1=Q 65. Kxg4 f2 66. Kh5 Qg1 67. Kh6 Qg4 68. Kh7 f1=Q 69. Kh8 Qfh3# 0-1

[Event "*** SCC Grand Prix: Titled Tuesday Blitz"]
[Site "Chess.com"]
[Date "2020.07.21"]
[Round "5"]
[White "Oneofmyturns"]
[Black "stanyga"]
[Result "0-1"]
[WhiteElo "2727"]
[BlackElo "2599"]
[TimeControl "180+1"]
[EndTime "10:55:04 PDT"]
[Termination "stanyga won on time"]

1. d4 Nf6 2. c4 g6 3. Nc3 d5 4. cxd5 Nxd5 5. e4 Nxc3 6. bxc3 Bg7 7. Be3 O-O 8. Rc1 c5 9. Qd2 Qa5 10. Nf3 Rd8 11. d5 e6 12. Bg5 f6 13. Be3 exd5 14.
exd5 Bg4 15. c4 Qxd2+ 16. Nxd2 Na6 17. Bd3 Rac8 18. h3 Bd7 19. O-O Nb4 20. Bb1 f5 21.
Nb3 b6 22. Rfe1 a5 23. Nd2 a4 24. Nf3 Bb2 25. Rcd1 b5 26. cxb5 Bxb5 27. d6 c4 28. Nd4 Bd7 29. Nc2 Nd3 30. Re2 a3 31. Bd4 Ba4 32. Bxb2 axb2 33. Rdd2 Rxd6 34. Na3 Kf7 35.
Kh2 Bd7 36. Re3 Be6 0-1

[Event "*** SCC Grand Prix: Titled Tuesday Blitz"]
[Site "Chess.com"]
[Date "2020.07.21"]
[Round "5"]
[White "Brave_spirit12"]
[Black "RobertoJBM"]
[Result "0-1"]
[WhiteElo "2505"]
[BlackElo "2652"]
[TimeControl "180+1"]
[EndTime "10:55:05 PDT"]
[Termination "RobertoJBM won by resignation"]

1. e4 c6 2. Nc3 d5 3. Nf3 dxe4 4. Nxe4 Bg4 5. h3 Bxf3 6. Qxf3 Nd7 7. Qe3 e6 8. d4 Ngf6 9. Bd2 Nxe4 10. Qxe4 Nf6 11. Qd3 Qd5 12. c4 Qe4+ 13. Qxe4 Nxe4 14. Be3 Bb4+ 15. Kd1 O-O-O 16. a3 Bc5 17. Kc2 Bxd4 18. Bd3 Bxe3 19. Bxe4 Rd2+ 20. Kc3 Rxf2 21. Rhf1 Rxf1 22.
Rxf1 f5 23. Bc2 Rd8 24. g4 g6 25. b4 Bd4+ 26. Kb3 Kd7 27. Rd1 Ke7 28. Re1 Kf6 29.
c5 b6 30. cxb6 Bxb6 31. a4 a5 32. g5+ Ke7 33. b5 cxb5 34. axb5 Rd4 35. Kc3 Kd6 36. Bb3 e5 37. Bg8 Rh4 38. Rd1+ Bd4+ 39. Kc4 Rxh3 40. b6 Kc6 41. Bd5+ Kxb6 42. Rb1+ Kc7 43. Rb7+ Kd6 44.
Bg8 Rc3+ 45. Kb5 e4 46. Kxa5 e3 47. Rb1 f4 48. Bxh7 e2 49. Bxg6 Bf2 50. Rb8 e1=Q 51.
Rd8+ Kc7 52. Rd2 Qxd2 0-1

[Event "*** SCC Grand Prix: Titled Tuesday Blitz"]
[Site "Chess.com"]
[Date "2020.07.21"]
[Round "5"]
[White "Agnes66678"]
[Black "Munguntuul_B"]
[Result "0-1"]
[WhiteElo "2475"]
[BlackElo "2688"]
[TimeControl "180+1"]
[EndTime "10:55:05 PDT"]
[Termination "Munguntuul_B won by checkmate"]

1. Nf3 d5 2. g3 Nf6 3. Bg2 Bg4 4. h3 Bh5 5. O-O Nbd7 6. d3 e5 7. c4 c6 8. Nc3 d4 9. Nb1 Bd6 10.
e3 c5 11. exd4 cxd4 12. Re1 O-O 13. a3 a5 14. Nbd2 Nc5 15. Qc2 Bg6 16. Bf1 Qc7 17. Rb1 a4 18. b4 axb3 19. Nxb3 Na4 20. c5 Nxc5 21. Nxc5 b6 22. Bg5 Nd5 23. Qc4 Qxc5 24. Nxe5 Nc3 25. Rb5 Qxb5 26. Qxd4 Bxe5 27. Rxe5 Qb3 28.
Bd2 Rxa3 29. h4 h5 30. Re7 Qc2 31. Be3 Ra1 32. Kg2 Qd1 33. Qxb6 Qxf1+ 34. Kf3 Qh1+ 35. Kf4 Ra4+ 36. Kg5 Qd5+ 37. Re5 Qxe5# 0-1

[Event "*** SCC Grand Prix: Titled Tuesday Blitz"]
[Site "Chess.com"]
[Date "2020.07.21"]
[Round "5"]
[White "MacDaddyMac"]
[Black "TargetA"]
[Result "0-1"]
[WhiteElo "2379"]
[BlackElo "2551"]
[TimeControl "180+1"]
[EndTime "10:55:05 PDT"]
[Termination "TargetA won by resignation"]

1. e4 c5 2. Nc3 Nc6 3. f4 g6 4.
Nf3 Bg7 5. Bb5 Nd4 6. O-O Nxb5 7. Nxb5 d6 8. d3 a6 9. Nc3 b5 10.
Qe1 Bb7 11. Qh4 Qd7 12. f5 Nf6 13. Bh6 Bxh6 14. Qxh6 gxf5 15. Ng5 Rg8 16. Rxf5 Rg6 17. Qh3 O-O-O 18. Nxh7 Rdg8 19. Nxf6 Rxg2+ 20. Qxg2 Rxg2+ 21. Kxg2 Qxf5 22. Nfd5 Qg5+ 23. Kh1 e6 24. Rg1 Qh4 25. Rg8+ Kd7 26. Nb6+ Kc7 27. Na8+ Bxa8 28. Rxa8 Qe1+ 29.
Kg2 b4 30. Na4 Qe2+ 31. Kg3 Qxc2 32. Ra7+ Kb8 33. Rxf7 Qxa4 34. h4 Qd1 35. Rf3 Qg1+ 36. Kh3 d5 37. exd5 exd5 38. h5 Qg5 39. Rf8+ Kb7 40.
Rh8 Qe3+ 41. Kg4 Qd4+ 42. Kf5 Qxh8 0-1

[Event "*** SCC Grand Prix: Titled Tuesday Blitz"]
[Site "Chess.com"]
[Date "2020.07.21"]
[Round "5"]
[White "cukin84"]
[Black "XiaoKangZhong"]
[Result "0-1"]
[WhiteElo "2165"]
[BlackElo "2354"]
[TimeControl "180+1"]
[EndTime "10:55:05 PDT"]
[Termination "XiaoKangZhong won by checkmate"]

1. e4 c6 2. d4 d5 3. Nd2 dxe4 4. Nxe4 Nf6 5. Nxf6+ exf6 6. Nf3 Bd6 7. Bd3 O-O 8. O-O Qc7 9. c4 Rd8 10. Be3 Nd7 11. Qc2 Nf8 12. Rac1 Bg4 13. c5 Bf4 14. Be2 Bxf3 15. Bxf3 Bxh2+ 16. Kh1 Bf4 17. Qf5 Bxe3 18.
fxe3 Qd7 19. Qf4 Ng6 20. Qg3 Qe6 21. b3 Qxe3 22. Rcd1 Rxd4 23. Rde1 Qc3 24. Qc7 Qxc5 25. g3 Qb6 26. Re7 Nxe7 27. Qxe7 Rdd8 28. Bh5 Rf8 29. Rf4 Qd8 30. Qxb7 Rb8 31. Qxc6 Rc8 32. Qb7 Rc1+ 33.
Kh2 Qd2+ 34. Kh3 Rc2 35. Bf3 Qh2+ 36. Kg4 Rc5 37. Bd5 h5+ 38. Kf5 Qxg3 39. Ke4 Re8+ 40. Kd4 Qe3# 0-1

[Event "*** SCC Grand Prix: Titled Tuesday Blitz"]
[Site "Chess.com"]
[Date "2020.07.21"]
[Round "5"]
[White "Indianlad"]
[Black "S2PAc"]
[Result "1-0"]
[WhiteElo "2975"]
[BlackElo "2792"]
[TimeControl "180+1"]
[EndTime "10:55:06 PDT"]
[Termination "Indianlad won by resignation"]

1. e4 e6 2. d4 d5 3. Bd3 dxe4 4.
Bxe4 Nf6 5. Bf3 c5 6. Ne2 Nc6 7. Be3 cxd4 8. Nxd4 Ne5 9. Nc3 Bb4 10. Qe2 Bxc3+ 11.
bxc3 Qa5 12. O-O a6 13. Bf4 Nxf3+ 14. Qxf3 O-O 15. Rfe1 Qd5 16. Qe3 b5 17. Be5 Bb7 18. f3 Ng4 19. Qf4 Nxe5 20. Rxe5 Qc4 21. Re3 Rfd8 22. a3 Rac8 23. h4 Qd5 24. Rae1 Qa2 25.
h5 h6 26. Qg4 Qxa3 27. c4 Qc5 28. c3 Qxc4 29. f4 b4 30. Rg3 g6 31. hxg6 f5 32. Qh4 bxc3 33. Nxe6 Rd7 34. Qxh6 Qxe6 35. Rxe6 c2 36.
g7 c1=Q+ 37. Kh2 Rd1 38. Qh8+ Kf7 39. g8=Q+ 1-0

[Event "*** SCC Grand Prix: Titled Tuesday Blitz"]
[Site "Chess.com"]
[Date "2020.07.21"]
[Round "5"]
[White "FeketeBarika"]
[Black "MathiasWomacka"]
[Result "0-1"]
[WhiteElo "2178"]
[BlackElo "2452"]
[TimeControl "180+1"]
[EndTime "10:55:06 PDT"]
[Termination "MathiasWomacka won by resignation"]

1. Nf3 c5 2. g3 Nc6 3. Bg2 g6 4. c4 Bg7 5. O-O e5 6. Nc3 Nge7 7. d3 d6 8. a3 O-O 9. Rb1 a5 10. Nd5 Nxd5 11. cxd5 Ne7 12. Ne1 b5 13. b4 cxb4 14. axb4 a4 15. Nc2 Nf5 16. Na3 Bd7 17. Bb2 Qb6 18. e3 Rfc8 19. Qd2 Ne7 20. Rfc1 h5 21. h4 Bf5 22. Rxc8+ Rxc8 23. Rc1 Rxc1+ 24. Bxc1 Bc8 25. Bb2 Bb7 26. e4 Kh7 27. Qc2 Bc8 28. Qc3 Bd7 29. Bc1 Bh6 30. Bxh6 Kxh6 31. Kf1 Kg7 32. Bf3 Ng8 33.
Ke2 Nf6 34. Ke1 Kf8 35. Nc2 Ke7 36. d4 exd4 37. Qxd4 Qxd4 38. Nxd4 Ng4 39. Bxg4 hxg4 40. Nc2 Kf6 41. Kd2 Ke5 42. Ke3 f5 43. exf5 Bxf5 44. Na3 Bd7 45. f3 gxf3 46. Kxf3 Kd4 47. g4 Kc3 48. h5 gxh5 49. gxh5 Kxb4 50. Kf4 Be8 51. h6 Bg6 52. Kg5 Bh7 0-1

[Event "*** SCC Grand Prix: Titled Tuesday Blitz"]
[Site "Chess.com"]
[Date "2020.07.21"]
[Round "5"]
[White "chito89"]
[Black "m_ezat"]
[Result "0-1"]
[WhiteElo "2758"]
[BlackElo "2579"]
[TimeControl "180+1"]
[EndTime "10:55:08 PDT"]
[Termination "m_ezat won by resignation"]

1. d4 Nf6 2. c4 g6 3. Nc3 Bg7 4. e4 d6 5. f4 O-O 6. Nf3 c5 7. d5 e5 8. fxe5 Ng4 9. Bf4 Nd7 10. exd6 f5 11. exf5 Rxf5 12. Qd2 Nde5 13. Nxe5 Nxe5 14. O-O-O Ng4 15. g3 g5 16. Bh3 h5 17. Bxg4 hxg4 18.
Be3 Qxd6 19. Rhe1 Rf3 20. Ne4 Qa6 21. Bxc5 Qxc4+ 22. Qc2 Qxa2 23. Bd4 Bf5 24. Bxg7 Kxg7 25. Qc7+ Kg8 26. d6 Rc8 27. Qxc8+ Bxc8 28. Nc3 Rxc3+ 29.
bxc3 Bf5 0-1

[Event "*** SCC Grand Prix: Titled Tuesday Blitz"]
[Site "Chess.com"]
[Date "2020.07.21"]
[Round "5"]
[White "jonychess03"]
[Black "Ariadna_Atreides"]
[Result "0-1"]
[WhiteElo "2303"]
[BlackElo "2109"]
[TimeControl "180+1"]
[EndTime "10:55:08 PDT"]
[Termination "Ariadna_Atreides won on time"]

1. c4 Nf6 2. Nc3 c5 3. g3 e5 4.
Bg2 Be7 5. e3 Nc6 6. Nge2 d6 7.
O-O O-O 8. d4 exd4 9. exd4 Bg4 10. Be3 cxd4 11. Bxd4 Nxd4 12. Qxd4 a6 13. h3 Be6 14. b3 Qc7 15. Nf4 Rac8 16. Nfd5 Nxd5 17. Nxd5 Bxd5 18. Qxd5 b6 19. Rac1 Rfd8 20. Qb7 a5 21. Rfd1 g6 22. Qxc7 Rxc7 23. a4 Bf6 24. Rc2 g5 25.
Rcd2 Be5 26. Rd5 Rcd7 27. Bf3 f5 28. g4 f4 29. Be4 h6 30. Bf5 Re7 31. Kg2 Kg7 32. Rb5 Rb8 33. Re1 Kf6 34. f3 Rc7 35. Rd1 Rc5 36. Bd7 Rb7 0-1

[Event "*** SCC Grand Prix: Titled Tuesday Blitz"]
[Site "Chess.com"]
[Date "2020.07.21"]
[Round "5"]
[White "Vesper2018"]
[Black "LuckSlayeer"]
[Result "0-1"]
[WhiteElo "2591"]
[BlackElo "2425"]
[TimeControl "180+1"]
[EndTime "10:55:09 PDT"]
[Termination "LuckSlayeer won by resignation"]

1. e4 c5 2. Nc3 Nc6 3. Bb5 Nd4 4.
Bc4 e6 5. Nge2 Nf6 6. O-O a6 7. a4 d6 8. d3 Nxe2+ 9. Qxe2 Be7 10. f4 O-O 11. Bb3 d5 12. exd5 exd5 13. Nxd5 Nxd5 14. Bxd5 Qxd5 15. Qxe7 Be6 16. Qg5 Qd4+ 17. Kh1 f5 18. Qg3 Rae8 19. Be3 Qd5 20. a5 Bd7 21. Qf2 Bc6 22.
Bxc5 Rf6 23. c4 Qxd3 24. Qd4 Qh3 25. Qg1 Re2 26. Rf2 Rxf2 27. Bxf2 Rg6 28. Bg3 Rxg3 29. Qf2 Rxg2 0-1

[Event "*** SCC Grand Prix: Titled Tuesday Blitz"]
[Site "Chess.com"]
[Date "2020.07.21"]
[Round "5"]
[White "ChronicUnhappiness"]
[Black "Mikhail_Golubev"]
[Result "0-1"]
[WhiteElo "2385"]
[BlackElo "2605"]
[TimeControl "180+1"]
[EndTime "10:55:09 PDT"]
[Termination "Mikhail_Golubev won by resignation"]

1. c4 g6 2. d4 Bg7 3. e4 d6 4.
Nc3 Nf6 5. Nf3 O-O 6. Be2 e5 7. O-O Nc6 8. Be3 Re8 9. dxe5 dxe5 10. Qxd8 Nxd8 11. Nd5 Ne6 12. Ng5 Nxd5 13. cxd5 Nd4 14. Bd3 c6 15. dxc6 bxc6 16. Bc4 Re7 17. Rad1 a5 18.
f4 Bg4 19. Nxf7 Bxd1 20. Nxe5+ Kh8 21. Bxd4 Bc2 22. Re1 Rc8 23. Nf7+ Rxf7 24. Bxf7 Bxd4+ 25. Kh1 Kg7 26. Bc4 Re8 27. e5 c5 28. g4 Ba4 29.
e6 Bc6+ 0-1

[Event "*** SCC Grand Prix: Titled Tuesday Blitz"]
[Site "Chess.com"]
[Date "2020.07.21"]
[Round "5"]
[White "Irochka83"]
[Black "VladimirBugayev"]
[Result "1-0"]
[WhiteElo "2350"]
[BlackElo "2158"]
[TimeControl "180+1"]
[EndTime "10:55:09 PDT"]
[Termination "Irochka83 won on time"]

1. d4 d5 2. c4 c6 3. cxd5 cxd5 4.
Bf4 Nc6 5. e3 a6 6. Bd3 Nf6 7. Nc3 Bg4 8. Nge2 e6 9. O-O Bd6 10.
f3 Bh5 11. Rc1 Bg6 12. Na4 Bxd3 13. Qxd3 Bxf4 14. Nxf4 O-O 15. Nc5 Qe7 16. Qd2 Rfd8 17. Nfd3 b6 18. Na4 Qb7 19. Rc3 Rac8 20. Rfc1 Ne7 21.
Ne5 h6 22. b3 Rxc3 23. Rxc3 Rc8 24. Rxc8+ Nxc8 25. Qb4 Ne8 26. Qc3 Ned6 27. Qc6 f6 28.
Qxb7 Nxb7 29. Nd7 1-0